 Dungeon Crawl Stone Soup version 0.19.4-9-g45fd643 (console) character file.

4332 Grinner the Covert (level 10, -15/70 HPs)
             Began as a Spriggan Monk on Feb 17, 2017.
             Demolished by a hill giant
             ... wielding a +0 giant club
              (32 damage)
             ... on level 9 of the Dungeon.
             The game lasted 00:22:01 (10103 turns).

Grinner the Covert (Spriggan Monk)                 Turns: 10103, Time: 00:22:01

Health: -15/70     AC: 25    Str:  7    XL:     10   Next: 12%
Magic:  12/18      EV:  4    Int: 13    God:
Gold:   519        SH:  0    Dex: 21    Spells: 3 memorised, 12 levels left

rFire  . . .     SeeInvis +     a - +5 quarterstaff (chaos)
rCold  . . .     Gourm    .     (armour currently unavailable)
rNeg   + + +     Faith    .     (shield currently unavailable)
rPois  +         Spirit   .     (helmet currently unavailable)
rElec  .         Reflect  .     (cloak currently unavailable)
rCorr  .         Harm     .     (gloves unavailable)
MR     +....     NoTele   +     (boots unavailable)
Stlth  ++++++....               (no amulet)
                                A - ring of poison resistance
                                E - ring of wizardry

@: tree-form, very slightly contaminated, hasted, very quick
A: unfitting armour, see invisible, herbivore 3, (speed 0), slow metabolism 2
a: no special abilities


You were on level 9 of the Dungeon.
You were hungry.
You were a tree.
You visited 1 branch of the dungeon, and saw 9 of its levels.

You collected 519 gold pieces.

Inventory:

Hand Weapons
 a - a +5 quarterstaff of chaos (weapon)
 y - a +1 dagger of speed
Armour
 b - a +0 robe (melded)
 z - a +0 cloak of poison resistance (melded)
Jewellery
 A - a ring of poison resistance (right branch)
 E - a ring of wizardry (left branch)
Wands
 h - a wand of confusion (28/48)
 q - a wand of random effects (2/48)
 w - a wand of teleportation (5/9)
 F - a wand of slowing (4/48)
Scrolls
 k - a scroll of immolation
 m - a scroll of fog
 s - 3 scrolls of teleportation
 t - 8 scrolls of remove curse
 I - 3 scrolls of identify
Potions
 d - 2 potions of agility
 e - a potion of resistance
 g - a potion of ambrosia
 j - a potion of magic
 n - a potion of lignification
 r - a potion of flight
 x - a potion of cure mutation
 D - a potion of brilliance
Books
 f - a book of Changes

   Spells                             Type                      Level
   a - Beastly Appendage              Transmutation                1
   b - Sticks to Snakes               Transmutation                2
   c - Spider Form                    Transmutation/Poison         3
   d - Ice Form                       Ice/Transmutation            4
   e - Blade Hands                    Transmutation                5
 G - a book of Maledictions

   Spells                             Type                      Level
   a - Corona                         Hexes                        1
   b - Ensorcelled Hibernation        Hexes/Ice                    2
   c - Confuse                        Hexes                        3
   d - Tukima's Dance                 Hexes                        3
   e - Dazzling Spray                 Conjuration/Hexes            3
Comestibles
 c - 5 bread rations


   Skills:
 - Level 2.4 Fighting
 - Level 4.7 Short Blades
 * Level 5.2 Staves
 + Level 9.7 Dodging
 * Level 13.3 Stealth
 + Level 5.2 Spellcasting
 + Level 5.9 Transmutations


You had 12 spell levels left.
You knew the following spells:

 Your Spells              Type           Power        Failure   Level  Hunger
s - Spider Form           Tmut/Pois      ##........   7%          3    ###....
w - Tukima's Dance        Hex            #.......     32%         3    ###....
z - Beastly Appendage     Tmut           ###...       1%          1    None


Dungeon Overview and Level Annotations

Branches:
Dungeon (9/15)             Temple (0/1) D:4
   Lair: D:8-11         Orc: D:9-12

Altars:
Ashenzari
Hepliaklqana
Kikubaaqudgha
Makhleb
Qazlal
Sif Muna
Trog
Xom

Annotations:
D:8 Blork the orc
D:9 Nekoooo's ghost, novice MiWn


Innate Abilities, Weirdness & Mutations

You are very small and have problems with some larger weapons.
You are too small for most types of armour.
You have supernaturally acute eyesight. (SInv)
You are a herbivore.
((You cover ground extremely quickly.))
You need consume almost no food.


Message History

The hill giant hits you but does no damage.
Your adder skeleton barely misses Nekoooo's ghost.
You don't have the energy to cast that spell.
You don't have the energy to cast that spell.
You start eating the slice of pizza.
Your hound bites Nekoooo's ghost.
Nekoooo's ghost hits your hound.
Your worker ant bites Nekoooo's ghost!
Your adder skeleton bites Nekoooo's ghost but does no damage.
You are feeling hungry.
Mmm...
Sheep cheese pizza.
Unknown command.
Casting: Tukima's Dance
Confirm with . or Enter, or press ? or * to list all spells.
Aiming: Tukima's Dance
Press: ? - help, Shift-Dir - straight line, f/p - hill giant
Aim: a hill giant, wielding a giant club (moderately wounded, lightly drained, chance to defeat MR: 21%)
You miscast Tukima's Dance.
You hear an indistinct dissonance whispering inside your mind.
Your hound barely misses Nekoooo's ghost.
The hill giant hits you with a giant club!!
You die...

##.# ..
...######+#####
..######..#.!.........
......=#..#...?.......
.......#..#..$........
....D..#..#...........
.......#..+...........
.......#♣h#...........
......OCWa#<........(.
.........Z#...........
..........%...........
...........######.....
..######...# ..... .
#...# ..### #...# .#
#...#


You could see a hill giant, a two-headed ogre, Nekoooo's ghost, a friendly
hound, a friendly worker ant and a friendly adder skeleton.

Vanquished Creatures
  An unseen horror (D:9)
  The ghost of dwoobler the Magician, a novice OpWz of Hepliaklqana (D:5)
  A hippogriff (D:7)
  Eustachio (D:6)
  The ghost of Saba the Archer, an amateur CeHu (D:4)
  A hungry ghost (D:9)
  2 steam dragons
  3 ice beasts
  A sky beast (D:6)
  5 ogres
  A phantom (D:3)
  3 centaurs
  A bullfrog (D:7)
  4 scorpions
  4 howler monkeys
  5 crimson imps
  A bullfrog zombie (D:7)
  4 orc wizards
  2 centaur skeletons
  An orc priest (D:5)
  5 hounds
  An iguana (D:8)
  Crazy Yiuf (D:3)
  Jessica (D:3)
  A bullfrog skeleton (D:5)
  5 worker ants
  2 killer bee zombies (D:7)
  3 hound skeletons
  A hound zombie (D:6)
  A worker ant zombie (D:6)
  Robin (D:3)
  10 adders
  4 oozes
  2 adder zombies
  3 worms
  A dart slug (D:1)
  5 leopard geckos
  20 orcs
  3 ball pythons
  6 giant cockroaches
  14 hobgoblins
  14 jackals
  4 kobolds
  3 quokkas
  4 bats
  6 frilled lizards
  12 goblins
  11 rats
187 creatures vanquished.

Vanquished Creatures (others)
  A dancing weapon (D:8)
  A quokka (D:8)
2 creatures vanquished.

Grand Total: 189 creatures vanquished

Notes
Turn   | Place    | Note
-------+----------+-------------------------------------------
     0 | D:1      | Grinner the Spriggan Monk began the quest for the Orb.
     0 | D:1      | Reached XP level 1. HP: 11/11 MP: 2/2
   443 | D:1      | Reached XP level 2. HP: 16/16 MP: 3/3
   479 | D:1      | Reached skill level 4 in Stealth
   840 | D:1      | Reached XP level 3. HP: 16/19 MP: 4/4
  1314 | D:1      | Reached skill level 5 in Stealth
  1594 | D:2      | Found a faded altar of an unknown god.
  1747 | D:2      | Reached skill level 5 in Dodging
  1824 | D:2      | Found a shimmering altar of Xom.
  1850 | D:2      | Reached XP level 4. HP: 23/23 MP: 5/5
  2009 | D:2      | Reached skill level 6 in Stealth
  2357 | D:2      | Noticed Terence
  2360 | D:2      | Noticed Terence
  2360 | D:2      | Terence changed into Terence the ball python
  2364 | D:2      | Killed Terence the ball python
  3064 | D:3      | Reached XP level 5. HP: 27/27 MP: 6/6
  3072 | D:3      | Noticed a centaur
  3103 | D:3      | Killed a centaur
  3103 | D:3      | Reached skill level 7 in Stealth
  3437 | D:3      | Noticed Jessica
  3444 | D:3      | Killed Jessica
  3444 | D:3      | Reached skill level 8 in Stealth
  3494 | D:3      | Found a shattered altar of Ashenzari.
  3506 | D:3      | Reached XP level 6. HP: 19/32 MP: 7/7
  3784 | D:3      | Noticed Robin
  3809 | D:3      | Killed Robin
  4242 | D:3      | Found a runed door.
  4491 | D:3      | Noticed Crazy Yiuf
  4495 | D:3      | Killed Crazy Yiuf
  4511 | D:3      | Gained mutation: You are agile. (Dex +2) [potion of mutation]
  4547 | D:4      | Noticed Saba's ghost (amateur CeHu)
  4551 | D:4      | Killed Saba's ghost
  4551 | D:4      | Reached skill level 1 in Staves
  4551 | D:4      | Reached skill level 9 in Stealth
  4551 | D:4      | Reached XP level 7. HP: 35/35 MP: 8/8
  4753 | D:4      | Found a deep blue altar of Sif Muna.
  5224 | D:4      | Reached skill level 10 in Stealth
  5265 | D:4      | Learned a level 1 spell: Beastly Appendage
  5486 | D:4      | Found a staircase to the Ecumenical Temple.
  5560 | D:5      | Entered Level 5 of the Dungeon
  5701 | D:5      | Noticed dwoobler's ghost (novice OpWz)
  5733 | D:5      | Reached XP level 8. HP: 10/39 MP: 8/10
  5735 | D:5      | Reached skill level 1 in Transmutations
  5751 | D:5      | Reached skill level 1 in Spellcasting
  5778 | D:5      | Killed dwoobler's ghost
  5778 | D:5      | Reached skill level 11 in Stealth
  5947 | D:5      | Found a hazy altar of Hepliaklqana.
  6369 | D:5      | Found a burning altar of Makhleb.
  6584 | D:6      | Noticed Eustachio
  6602 | D:6      | Killed Eustachio
  6782 | D:6      | Found a stormy altar of Qazlal.
  6782 | D:6      | Found a bloodstained altar of Trog.
  7433 | D:6      | Reached XP level 9. HP: 42/43 MP: 13/15
  7583 | D:6      | Found an ancient bone altar of Kikubaaqudgha.
  7780 | D:7      | Reached skill level 12 in Stealth
  8703 | D:8      | Learned a level 3 spell: Spider Form
  8707 | D:8      | Learned a level 3 spell: Tukima's Dance
  8721 | D:8      | Reached skill level 5 in Transmutations
  8733 | D:8      | Lost mutation: You are agile. (Dex +2) [potion of cure mutation]
  8775 | D:8      | HP: 1/43 [scorpion (8)]
  9600 | D:8      | Noticed Blork the orc
  9788 | D:9      | Noticed Nekoooo's ghost (novice MiWn)
 10065 | D:9      | Noticed an unseen horror
 10080 | D:9      | Killed an unseen horror
 10080 | D:9      | Reached skill level 5 in Staves
 10080 | D:9      | Reached skill level 13 in Stealth
 10080 | D:9      | Reached skill level 5 in Spellcasting
 10080 | D:9      | Reached XP level 10. HP: 44/47 MP: 18/18
 10087 | D:9      | Noticed a hill giant
 10103 | D:9      | Demolished by a hill giant

Skill      XL: |  1  2  3  4  5  6  7  8  9 |
---------------+----------------------------+-----
Stealth        | 4 5 6 8 9 10 11 13 | 13.3
Dodging        | 5 6 7 8 9 |  9.7
Short Blades   | 4 |  4.7
Staves         | 1 2 3 5 |  5.2
Transmutations | 3 5 |  5.9
Spellcasting   | 3 5 |  5.2
Fighting       | |  2.4

Action                   |  1- 3 |  4- 6 |  7- 9 | 10-12 || total
-------------------------+-------+-------+-------+-------++-------
Melee: Short sword       |   149 |   257 |       |       ||   406
       Quarterstaff      |       |     2 |   461 |    16 ||   479
 Cast: Tukima's Dance    |       |       |     1 |       ||     1
Evoke: Wand              |       |     6 |       |       ||     6
  Use: Potion            |       |     2 |    10 |     1 ||    13
       Scroll            |       |     6 |    15 |     1 ||    22
 Stab: Sleeping          |     9 |    13 |    28 |       ||    50
       Distracted        |     1 |     2 |     1 |       ||     4
       Paralysed         |       |     1 |     7 |       ||     8
       Petrified         |       |       |     5 |       ||     5
       Petrifying        |       |       |     7 |       ||     7
       Confused          |       |       |     4 |       ||     4
  Eat: Bread ration      |       |     1 |       |       ||     1
       Royal jelly       |       |       |     1 |       ||     1
       Pizza             |       |       |       |     2 ||     2
Armor: Robe              |     5 |    11 |    32 |       ||    48
       Skin              |       |       |    36 |    17 ||    53
Dodge: Dodged            |   110 |   215 |   500 |     6 ||   831
